 Dungeon Crawl Stone Soup version 0.28.0-47-ge53b351184 (webtiles) character file.

Game seed: 4593590781697217563

35 seaoflcl the Covered (level 3, 0/29 HPs)
             Began as a Human Fighter on May 2, 2022.
             Slain by a goblin
             ... wielding a +0 club
             ... led by Robin
              (2 damage)
             ... on level 2 of the Dungeon.
             The game lasted 00:01:10 (1197 turns).

seaoflcl the Covered (Human Fighter)                Turns: 1197, Time: 00:01:11

Health: 0/29       AC:  8    Str: 18    XL:     3   Next: 52%
Magic:  3/3        EV:  9    Int:  8    God:
Gold:   29         SH:  4    Dex: 12    Spells: 2/2 levels left

rFire   . . .      SeeInvis .   a - +0 long sword
rCold   . . .      Faith    .   c - +0 buckler
rNeg    . . .      Spirit   .   b - +0 scale mail
rPois   .          Reflect  .   (no helmet)
rElec   .          Harm     .   (no cloak)
rCorr   .          Rampage  .   (no gloves)
Will    .....                   i - +0 pair of boots
Stlth   ..........              (no amulet)
HPRegen 0.09/turn               (no ring)
MPRegen 0.08/turn               (no ring)

@: no status effects
A: no striking features
a: no special abilities


You were on level 2 of the Dungeon.
You visited 1 branch of the dungeon, and saw 2 of its levels.

You collected 29 gold pieces.

Inventory:

Hand Weapons
 a - a +0 long sword (weapon)
 f - a +0 short sword
Armour
 b - a +0 scale mail (worn)
 c - a +0 buckler (worn)
 i - a +0 pair of boots (worn)
Scrolls
 h - a scroll of immolation {unknown}
 j - 2 scrolls of identify {unknown}
 k - 3 scrolls of magic mapping {unknown}
Potions
 d - a potion of might
 e - a potion of ambrosia {unknown}
 g - a potion of magic {unknown}


   Skills:
 + Level 3.3 Fighting
 + Level 2.4 Long Blades
 + Level 3.4 Armour
 + Level 3.3 Shields


You had 2 spell levels left.
You didn't know any spells.
Your spell library was empty.

Dungeon Overview and Level Annotations

Branches:
Dungeon (2/15)

Altars:

Annotations:
D:2 Robin


Message History

The goblin hits you but does no damage. The goblin closely misses you.
You hit the goblin.
The goblin is severely wounded.
The goblin hits you but does no damage. The goblin barely misses you.
A goblin comes into view. It is wielding a +0 dagger.
You closely miss the goblin.
The goblin is severely wounded.
The goblin completely misses you. The goblin hits you but does no damage.
You closely miss the goblin.
The goblin is severely wounded.
The goblin barely misses you. The goblin hits you with a +0 club.
A goblin comes into view. It is wielding a +0 dagger.
The goblin hits you but does no damage. x2
The goblin shouts!
You slash the goblin!
You kill the goblin!
The goblin hits you with a +0 club. Robin throws the goblin at you!
The goblin hits you but does no damage.
You slash the goblin!
You kill the goblin!
The goblin hits you but does no damage. Robin throws the goblin at you!
The goblin barely misses you. The goblin closely misses you.
You completely miss the goblin. The goblin barely misses you.
You block the goblin's attack. The goblin hits you but does no damage.
You are electrocuted!
You miss the goblin. The goblin barely misses you.
The goblin hits you with a +2 dagger of electrocution.
Unknown command.
You barely miss the goblin.
The hobgoblin no longer looks unusually strong.
The goblin hits you with a +0 club.
The goblin hits you with a +2 dagger of electrocution.
* * * LOW HITPOINT WARNING * * *
You slash the goblin!
You kill the goblin!
The goblin no longer looks unusually strong.
The goblin hits you with a +0 club.
* * * LOW HITPOINT WARNING * * *
The goblin hits you with a +0 club.
You die...

#..###.#
# ..$
#....#
#..# #.#
# ...
#....#
##.###.#
# g.
#....#
#..##.#
#
..#....
#..##.#
# g#...
#...#.#
#


gg. #.#.#.# #g# #.#.# #@#######.#.# #.).......#.# ###########.. You could see 2
hobgoblins and 3 goblins.

Vanquished Creatures
  3 bats (D:1)
  4 endoplasms (D:1)
  3 giant cockroaches (D:1)
  A hobgoblin (D:1)
  3 jackals (D:1)
  4 kobolds (D:1)
  5 ball pythons
  2 frilled lizards (D:1)
  5 goblins
  2 rats
32 creatures vanquished.

Notes
Turn   | Place    | Note
-------+----------+-------------------------------------------
     0 | D:1      | seaoflcl the Human Fighter began the quest for the Orb.
     0 | D:1      | Reached XP level 1. HP: 18/18 MP: 1/1
   238 | D:1      | Found a faded altar of an unknown god.
   265 | D:1      | Reached XP level 2. HP: 24/24 MP: 2/2
   744 | D:1      | Reached XP level 3. HP: 28/29 MP: 3/3
  1184 | D:2      | Noticed Robin
  1197 | D:2      | Slain by a goblin

Illustrated notes

Levels and vault maps discovered:
D:1:      tarquinn_simple_flora_water_f, layout_loops_ring,
          shapermc_ecumenical_altar_petra
D:2:      layout_basic, basic_altar, uniq_robin, uniq_natasha

Action                   || total
-------------------------++-------
Melee: Long sword        ||    93
Armor: Scale mail        ||    61
Dodge: Dodged            ||    42
Block: Buckler           ||    19
